 Dungeon Crawl Stone Soup version 0.31-a0-217-g58bb5d79cf (webtiles) character file.

Game seed: 7293286614422715339

2153 erloom the Changer (level 9, -2/67 HPs)
             Began as a Green Draconian Transmuter on June 29, 2023.
             Slain by a killer bee (3 damage)
             ... on level 7 of the Dungeon on July 2, 2023.
             The game lasted 00:18:26 (7637 turns).

erloom the Changer (Green Draconian Transmuter)     Turns: 7637, Time: 00:18:27

Health: -2/67      AC:  2    Str: 13    XL:     9   Next: 10%
Magic:  13/15      EV: 19    Int: 18    God:
Gold:   413        SH:  0    Dex: 21    Spells: 6/16 levels left

rFire   x .          .
                       - Unarmed
rCold   + . .        (shield currently unavailable)
rNeg    + . .        (body armour unavailable)
rPois   x            (helmet currently unavailable)
rElec   .            q - melded +0 cloak
rCorr   .            (gloves currently unavailable)
SInv    .            o - melded +0 pair of boots
Will    .....        (no amulet)
Stlth   +++          A - ring of Suspicion {rF- rC+ rN+ Dex+5}
HPRegen 0.31/turn    (no ring)
MPRegen 0.14/turn

%: no passive effects
@: lethally poisoned (-2 -> -9), spider-form
A: venomous fangs, (breathe noxious fumes), AC +7, tiny, unfitting armour,
(poison resistance), (cold-blooded)
a: End Transformation


You were on level 7 of the Dungeon.
You were a venomous arachnid creature.
You visited 1 branch of the dungeon, and saw 7 of its levels.

You collected 413 gold pieces.

Inventory:

Missiles
 s - 6 boomerangs
Armour
 o - a +0 pair of boots (melded)
 q - a +0 cloak (melded)
Jewellery
 A - the ring of Suspicion (left front pincers) {rF- rC+ rN+ Dex+5}
   (You found it on level 6 of the Dungeon)

   [ring of positive energy]

   Dex:       It affects your dexterity (+5).
   rF:        It makes you vulnerable to fire.
   rC:        It protects you from cold.
   rN:        It protects you from negative energy.
Wands
 w - a wand of roots (12)
Scrolls
 e - 3 scrolls of identify {unknown}
 g - 3 scrolls of teleportation {unknown}
 h - 4 scrolls of immolation {unknown}
 i - 2 scrolls of fear {unknown}
 j - 2 scrolls of enchant armour {unknown}
 k - a scroll of amnesia {unknown}
 m - a scroll of vulnerability {unknown}
 n - a scroll of revelation {unknown}
 p - a scroll of enchant weapon {unknown}
 v - a scroll of poison {unknown}
 x - a scroll of butterflies {unknown}
 y - a scroll of blinking {unknown}
Potions
 a - 3 potions of lignification
 b - a potion of enlightenment {unknown}
 c - 2 potions of degeneration {unknown}
 d - 4 potions of mutation {unknown}
 f - 3 potions of curing {unknown}
 l - 2 potions of haste {unknown}
 r - a potion of ambrosia {unknown}
 t - 2 potions of heal wounds {unknown}
 u - 2 potions of cancellation {unknown}
 z - a potion of brilliance {unknown}


   Skills:
 - Level 2.0 Fighting
 - Level 0.3 Axes
 - Level 0.1 Ranged Weapons
 - Level 2.0 Dodging
 - Level 3.0 Stealth
 - Level 7.0 Unarmed Combat
 - Level 4.0 Spellcasting
 + Level 7.1 Transmutations
 + Level 0.9 Ice Magic
 - Level 0.1 Earth Magic
 - Level 5.0 Poison Magic
 - Level 2.0 Evocations


You had 6 spell levels left.
You knew the following spells:

 Your Spells              Type           Power      Damage    Failure   Level
a - Beastly Appendage     Tmut           58%        N/A       4%          1
b - Spider Form           Tmut/Pois      25%        N/A       12%         3
c - Wereblood             Tmut           29%        N/A       6%          2
d - Ice Form              Ice/Tmut       18%        N/A       50%         4

Your spell library contained the following spells:

 Spells                   Type           Power      Damage    Failure   Level
 Magic Dart               Conj           12%        1d3       32%         1
 Call Imp                 Summ           6%         N/A       43%         2
 Mephitic Cloud           Conj/Pois/Air  9%         N/A       43%         3
 Inner Flame              Hex/Fire       3%         N/A       63%         3
 Yara's Violent Unravell  Hex/Tmut       8%         3d5       85%         5
 Enfeeble                 Hex            1%         N/A       100%        7


Dungeon Overview and Level Annotations

Branches:
Dungeon (7/15)
 Temple: D:4-7

Altars:
Qazlal
Uskayaw


Innate Abilities, Weirdness & Mutations

You are a venomous arachnid creature.
You have venomous fangs.
You are tiny and dextrous.
Your spellcasting is less reliable in this form.
Your armour is entirely melded.
You are incapable of wielding weapons or throwing items.
((You can breathe blasts of noxious fumes.))
((Your lurid green scales are hard. (AC +7)))
You cannot fit into any form of body armour.
((Your system is resistant to poisons. (rPois)))
((You are cold-blooded and may be slowed by cold attacks.))


Message History

The water moccasin barely misses you. The water moccasin bites you.
You are more poisoned.
The water moccasin poisons you!
You closely miss the water moccasin.
The water moccasin is moderately wounded.
You feel extremely sick.
The water moccasin completely misses you.
You hit the water moccasin.
The water moccasin is poisoned.
The water moccasin is moderately wounded.
You feel extremely sick. The water moccasin closely misses you.
You hit the water moccasin but do no damage.
The water moccasin is moderately wounded.
You feel very sick.
The water moccasin bites you but does no damage.
You barely miss the water moccasin.
The water moccasin is heavily wounded.
You have got your breath back.
You feel very sick.
The water moccasin completely misses you.
You hit the water moccasin.
The water moccasin looks as sick as possible!
The water moccasin is severely wounded.
* * * LOW HITPOINT WARNING * * *
You feel very sick. The water moccasin bites you!
* * * LOW HITPOINT WARNING * * *
The water moccasin completely misses you.
Really crawl into that dispersal trap?
You enter a dispersal trap!
The water moccasin blinks!
You blink.
* * * LOW HITPOINT WARNING * * *
You feel very sick.
The killer bee buzzes angrily.
You hear an angry buzzing noise.
The killer bee buzzes angrily.
* * * LOW HITPOINT WARNING * * *
You feel very sick.
There is a stone staircase leading up here.
* * * LOW HITPOINT WARNING * * *
You feel sick. The killer bee stings you.
You die...

......##...##.§.#
......#.......#.#
......'.....###§#
......#.....# #8#
..##..#########^#
..###y# #....#.##
..# ... #.......#
..#..... #...y.y.#
..#......#...y.ys#
..#..y.y.#.......#
..#..............#
..##........##...#
### ### #...#
....# #....#
##...#


You could see 4 killer bees.

Vanquished Creatures
  Sigmund (D:2)
  An ice beast (D:5)
  3 black bears
  A centaur (D:6)
  2 phantoms (D:4)
  A kobold brigand (D:6)
  A gnoll sergeant (D:5)
  A wight (D:5)
  A killer bee (D:7)
  A jelly (D:5)
  2 quasits (D:4)
  4 hounds
  2 gnoll boudas
  3 iguanas
  Jessica (D:2)
  Ijyb (D:5)
  Natasha (thrice) (D:2)
  3 orc wizards
  26 gnolls
  14 adders
  2 shadow imps (D:4)
  4 white imps
  5 ufetubi
  6 worms
  5 dart slugs
  34 orcs
  7 bats
  6 endoplasms
  5 giant cockroaches
  5 hobgoblins
  17 jackals
  A quokka (D:3)
  4 ball pythons
  2 frilled lizards (D:1)
  5 goblins
  8 kobolds
  6 rats
194 creatures vanquished.

Notes
Turn   | Place    | Note
-------+----------+-------------------------------------------
     0 | D:1      | erloom the Draconian Transmuter began the quest for the
                  | Orb.
     0 | D:1      | Reached XP level 1. HP: 16/16 MP: 3/3
   206 | D:1      | Reached XP level 2. HP: 23/23 MP: 5/5
   820 | D:2      | Reached XP level 3. HP: 28/28 MP: 4/6
  1303 | D:2      | Reached XP level 4. HP: 35/35 MP: 7/7
  1329 | D:2      | Noticed Natasha
  1342 | D:2      | Killed Natasha
  1343 | D:2      | Reached skill level 1 in Stealth
  1343 | D:2      | Reached skill level 5 in Unarmed Combat
  1445 | D:2      | Noticed Jessica
  1472 | D:2      | Killed Jessica
  1473 | D:2      | Reached XP level 5. HP: 20/40 MP: 8/8
  1475 | D:2      | Upgraded the game from 0.31-a0-210-gccc998df9b to
                  | 0.31-a0-217-g58bb5d79cf
  1581 | D:2      | Noticed Natasha
  1601 | D:2      | Killed Natasha
  1722 | D:2      | Noticed Sigmund
  1770 | D:2      | Learned a level 3 spell: Spider Form
  1841 | D:2      | Noticed Natasha
  1849 | D:2      | Killed Natasha
  2014 | D:3      | Reached skill level 1 in Poison Magic
  2879 | D:3      | Reached XP level 6. HP: 21/47 MP: 7/9
  3579 | D:4      | Your scales start taking on a lurid green colour.
  3579 | D:4      | Reached XP level 7. HP: 33/52 MP: 11/11
  3579 | D:4      | Gained mutation: Your system is resistant to poisons.
                  | (rPois) [Green Draconian growth]
  4000 | D:4      | Reached skill level 5 in Transmutations
  4390 | D:5      | Entered Level 5 of the Dungeon
  4700 | D:5      | Found a hide-covered altar of Uskayaw.
  4723 | D:5      | Found a stormy altar of Qazlal.
  4878 | D:5      | Reached skill level 5 in Poison Magic
  5217 | D:5      | Learned a level 2 spell: Wereblood
  5246 | D:5      | Reached XP level 8. HP: 52/61 MP: 13/13
  5741 | D:5      | Noticed Ijyb
  5767 | D:5      | Killed Ijyb
  6243 | D:2      | Killed Sigmund
  6244 | D:2      | Reached skill level 1 in Evocations
  6305 | D:5      | Learned a level 4 spell: Ice Form
  6808 | D:6      | Reached XP level 9. HP: 58/67 MP: 11/15
  7152 | D:6      | Identified the ring of Suspicion {rF- rC+ rN+ Dex+5}
  7636 | D:7      | HP: 3/67 [poisoned by a water moccasin]
  7637 | D:7      | HP: 1/67 [poisoned by a water moccasin]
  7637 | D:7      | Slain by a killer bee

Illustrated notes

Levels and vault maps discovered:
D:1:      roderic_dead_forest, layout_loops_ring
D:2:      layout_rooms, fountainhead, uniq_natasha, uniq_jessica, uniq_sigmund
D:3:      layout_loops_ring
D:4:      cheibrodos_quashed, layout_basic, serial_demonic, serial_demonic_a,
          serial_demonic_f, serial_demonic_e, serial_demonic_b,
          serial_demonic_f, serial_demonic_e, serial_demonic_a, minivault_4,
          grunt_ministairs_6
D:5:      lemuel_castle_with_subvaults [lemuel_castle_interior_original],
          layout_gridville, nicolae_qazlal_scattered_showers,
          nicolae_overflow_hidden_temple, minmay_strange_pillars, uniq_ijyb
D:6:      layout_loops_cross, serial_rivers, chequers_serial_rivers_micro_b,
          chequers_serial_rivers_micro_d, chequers_serial_rivers_room_a,
          chequers_serial_rivers_micro_b
D:7:      layout_gridville, temple_fountains,
          eino_small_chamber_without_monster, ebering_dispersal_statue_hall

Skill      XL: |  1  2  3  4  5  6  7  8  9 |
---------------+----------------------------+-----
Unarmed Combat | 4 5 6 7 |  7.0
Stealth        | 2 3 |  3.0
Poison Magic   | 1 2 5 |  5.0
Transmutations | 4 5 6 7 |  7.1
Spellcasting   | 3 4 |  4.0
Dodging        | 2 |  2.0
Fighting       | 2 |  2.0
Evocations     | 2 |  2.0
Axes           | |  0.3
Ranged Weapons | |  0.1
Ice Magic      | |  0.9
Earth Magic    | |  0.1

Action                     |  1- 3 |  4- 6 |  7- 9 || total
---------------------------+-------+-------+-------++-------
  Melee: Unarmed           |   125 |   177 |   446 ||   748
         Tailslap          |    17 |    26 |    40 ||    83
         Punch             |     2 |     2 |     7 ||    11
         Kick              |    11 |    33 |    20 ||    64
         Headbutt          |     4 |    23 |    15 ||    42
   Cast: Beastly Appendage |     7 |    23 |    14 ||    44
         Spider Form       |       |       |    15 ||    15
Ability: Breathe Noxious F |       |       |    15 ||    15
   Stab: Sleeping          |     2 |     4 |     5 ||    11
         Confused          |       |       |     6 ||     6
 Armour: Skin              |    39 |    56 |   180 ||   275
  Dodge: Dodged            |    95 |    82 |   439 ||   616

Table legend: (Time is in decaauts)
 A = Elapsed time spent in this place.
 B = Non-inter-level travel time spent in this place.
 C = Inter-level travel time spent in this place.
 D = Time resting spent in this place.
 E = Time spent auto-exploring this place.
 F = Levels seen in this place.
 G = Mean time per level.
                   A        B        C        D        E       F      G
               +--------+--------+--------+--------+--------+-----+--------+
         Total |   7605 |   7339 |    266 |   1529 |   3728 |   7 | 1086.4 |
       Dungeon |   7605 |   7339 |    266 |   1529 |   3728 |   7 | 1086.4 |
               +--------+--------+--------+--------+--------+-----+--------+

Top non-repeatable levels by time:
     D:5: 1712 daAuts
     D:4: 1481 daAuts
     D:3: 1304 daAuts
     D:2: 1192 daAuts
     D:6: 1023 daAuts
     D:1: 815 daAuts
     D:7: 75 daAuts
